 Dungeon Crawl Stone Soup version 0.28-a0-512-g960c72b710 (webtiles) character file.

Game seed: 10297309461749481216

13675 ZeuX the Covert (level 11, -5/56 HPs)
             Began as a Spriggan Warper on Sept 21, 2021.
             Was a Believer of Ashenzari.
             Engulfed by a cloud of flame (7 damage)
             ... in a volcano on Sept 22, 2021.
             The game lasted 01:00:53 (17910 turns).

ZeuX the Covert (Spriggan Warper)                  Turns: 17910, Time: 01:00:53

Health: -5/56      AC: 10    Str: 14    XL:     11   Next: 78%
Magic:  10/10      EV: 24    Int: 16    God:    Ashenzari [**....]
Gold:   479        SH:  0    Dex: 22    Spells: 15/20 levels left

rFire   . . .      SeeInvis +   w - +10 hand axe of Enwuekhli {vorpal, MP-9 Str+4 Int+2 Dex+6 SInv}
rCold   . . .      Faith    .   (shield restricted)
rNeg    + . .      Spirit   .   r - +1 robe of Ashenzari's Omen {rN+, Alch, Self} (curse)
rPois   +          Reflect  .   (helmet restricted)
rElec   .          Harm     .   F - +2 cloak {rPois}
rCorr   +          Rampage  .   (gloves unavailable)
Will    +....                   (boots unavailable)
Stlth   +++++.....              L - amulet "Share My Loss" {Regen+, Evo, Melee} (curse)
HPRegen 1.18/turn               s - ring of resist corrosion
MPRegen 0.12/turn               S - ring "Circumscribed Together" {AC+4, Range, Melee} (curse)

@: very quick
A: very small, no large weapons, unfitting armour, see invisible, speed 3
a: Renounce Religion, Curse Item, Shatter the Chains


You were in a volcano.
You worshipped Ashenzari.
Ashenzari was pleased with you.
You visited 3 branches of the dungeon, and saw 12 of its levels.
You also visited: Volcano.

You collected 479 gold pieces.

Inventory:

Hand Weapons
 k - a +3 spear of venom
 u - a +1 dagger of protection
 w - the +10 hand axe of Enwuekhli (weapon) {vorpal, MP-9 Str+4 Int+2 Dex+6 SInv}
   (You found it on level 5 of the Dungeon)

   It inflicts extra damage upon your enemies.
   Str:       It affects your strength (+4).
   Int:       It affects your intelligence (+2).
   Dex:       It affects your dexterity (+6).
   MP:        It affects your magic capacity (-9).
   SInv:      It lets you see invisible.
 z - a +0 hunting sling of freezing
 A - the +1 whip "Teuluamo" {vorpal, Dex+4 SInv}
   (You found it on level 5 of the Dungeon)

   It inflicts extra damage upon your enemies.
   Dex:       It affects your dexterity (+4).
   SInv:      It lets you see invisible.
 D - a +2 whip of flaming
 E - a +4 quarterstaff of chaos
Missiles
 d - 5 boomerangs of dispersal
 h - 197 arrows
 l - 21 poisoned darts (quivered)
 m - 70 stones
 n - 59 sling bullets
 v - 14 boomerangs
 x - 2 curare-tipped darts
 X - 13 bolts
Armour
 i - a +0 cloak
 p - a scarf of resistance
 r - the cursed +1 robe of Ashenzari's Omen (worn) {rN+, Alch, Self}
   (You found it on level 3 of the Dungeon)

   It has a curse which improves the following skills: Alchemy: Poison Magic and
   Transmutations.
   Introspection: Fighting and Spellcasting.
 F - a +2 cloak of poison resistance (worn)
 I - a scarf of shadows
 N - +0 acid dragon scales
Jewellery
 b - a ring of willpower
 s - a ring of resist corrosion (left hand)
 L - the cursed amulet "Share My Loss" (around neck) {Regen+, Evo, Melee}
   (You found it on level 8 of the Dungeon)

   [amulet of regeneration]

   Regen:     It increases your rate of health regeneration.
   It has a curse which improves the following skills: Evocations: Evocations.
   Melee Combat: Short Blades, Long Blades, Axes, Maces & Flails, Polearms,
   Staves and Unarmed Combat.
 S - the cursed ring "Circumscribed Together" (right hand) {AC+4, Range, Melee}
   (You found it on level 9 of the Dungeon)

   [ring of protection]

   AC:        It affects your AC (+4).
   It has a curse which improves the following skills: Ranged Combat: Slings,
   Bows, Crossbows and Throwing.
   Melee Combat: Short Blades, Long Blades, Axes, Maces & Flails, Polearms,
   Staves and Unarmed Combat.
 U - an amulet of the acrobat
 W - a ring of ice
Wands
 a - a wand of acid (10)
 o - a wand of digging (9)
 q - a wand of paralysis (4)
 y - a wand of polymorph (17)
 C - a wand of charming (10)
 O - a wand of mindburst (25)
Scrolls
 c - 2 scrolls of blinking
 e - 6 scrolls of teleportation
 f - 3 scrolls of immolation
 B - a scroll of fear
 H - 2 scrolls of enchant weapon
 K - 2 scrolls of amnesia
 M - 4 scrolls of fog
 P - a scroll of enchant armour
 R - 5 scrolls of noise
 T - a scroll of magic mapping
Potions
 g - 6 potions of curing
 j - a potion of mutation
 t - a potion of attraction
 G - a potion of flight
 J - a potion of resistance
 Q - 2 potions of haste
 V - 2 potions of heal wounds
 Y - a potion of lignification
 Z - a potion of ambrosia


   Skills:
 + Level 4.4(5.8) Fighting
 - Level 6.8(9.2) Short Blades
 + Level 5.5(8.1) Axes
 - Level 2.6(5.6) Polearms
 - Level 6.2(8.3) Slings
 + Level 4.0(6.4) Throwing
 + Level 8.2 Dodging
 * Level 10.5 Stealth
 + Level 3.8(5.1) Spellcasting
 * Level 7.4 Hexes
 + Level 6.3 Translocations
 * Level 7.2(8.8) Transmutations
 * Level 1.3(2.3) Poison Magic
 * Level 7.6(9.1) Evocations


You had 15 spell levels left.
You knew the following spells:

 Your Spells              Type           Power      Damage    Failure   Level
a - Blink                 Tloc           N/A        N/A       1%          2
b - Gell's Gravitas       Tloc           12%        N/A       3%          3

Your spell library contained the following spells:

 Spells                   Type           Power      Damage    Failure   Level
 Lesser Beckoning         Tloc           24%        N/A       3%          3
 Teleport Other           Tloc           24%        N/A       3%          3
 Dazzling Flash           Conj/Hex       30%        N/A       10%         3
 Manifold Assault         Tloc           24%        N/A       30%         5
 Alistair's Intoxication  Tmut/Pois      14%        N/A       38%         5
 Stone Arrow              Conj/Erth      8%         3d7       41%         3
 Olgreb's Toxic Radiance  Pois           11%        N/A       50%         4
 Silence                  Hex/Air        7%         N/A       67%         5
 Animate Armour           Summ/Erth      8%         N/A       83%         4
 Eringya's Noxious Bog    Tmut/Pois      10%        N/A       93%         6
 Agony                    Necr           4%         N/A       99%         5
 Borgnjor's Vile Clutch   Necr/Erth      2%         N/A       99%         5
 Ozocubu's Refrigeration  Ice            2%         4d5       100%        7
 Ignition                 Fire           2%         3d3       100%        8
 Lehudib's Crystal Spear  Conj/Erth      2%         10d2      100%        8


Dungeon Overview and Level Annotations

Branches:
Dungeon (9/15)             Temple (1/1) D:6            Lair (2/6) D:9
 Spider (0/4) Lair:2      Volcano (1/1)
  Swamp: Lair:2-4    Shoals: Lair:2-4       Orc: D:9-12

Altars:
Ashenzari
Cheibriados
Dithmenos
Elyvilon
Fedhas
Gozag
Hepliaklqana
Kikubaaqudgha
Makhleb
Nemelex Xobeh
Okawaru
Qazlal
Ru
Sif Muna
Trog
Uskayaw
Vehumet
Wu Jian
Xom
Yredelemnul
Zin
The Shining One

Annotations:
Lair:1 exclusion: hydra
Lair:2 1 runed translucent door, exclusion: door, Mokotyal's ghost, journeyman VSAE; Urug


Innate Abilities, Weirdness & Mutations

You are very small and have problems with some larger weapons.
You are too small for most types of armour.
You have supernaturally acute eyesight. (SInv)
You cover ground extremely quickly. (Speed+++)


Message History

You kill the lava snake!
You open the door.
There is an open door here.
You open the door.
A centaur, a centaur warrior and 2 yaktaurs come into view.
A yaktaur is wielding a +1 arbalest of flaming.
The centaur warrior is wielding a +2 shortbow of flaming.
The centaur is wielding a +1 shortbow of flaming.
A yaktaur is wielding a +2 arbalest of flaming.
Found a burning altar of Makhleb.
You close the door.
A yaktaur opens the door.
The yaktaur shouts!
The centaur shouts!
Throw: 22 darts (poison)
Press: ? - help, Q - select action, (/) - cycle Shift-Dir - straight line, f - centaur warrior
Aim: a centaur warrior, wielding a +2 shortbow of flaming and quivering arrows (wandering, hasn't noticed you, 74% to hit)
You throw a poisoned dart. The poisoned dart hits the yaktaur!
The yaktaur is poisoned.
The centaur warrior shouts!
The yaktaur shoots a bolt.
The bolt hits you!! The bolt burns you.
The yaktaur shoots a bolt.
The bolt misses you.
The centaur warrior shoots an arrow.
The arrow closely misses you.
The yaktaur shoots a bolt.
The bolt hits you! The bolt burns you.
The yaktaur shoots a bolt.
The bolt misses you.
The centaur warrior shoots an arrow.
The arrow completely misses you.
There is an open door here.
You close the door.
Why would you want to do that?
The centaur warrior shoots an arrow.
The arrow hits you! The arrow burns you.
* * * LOW HITPOINT WARNING * * *
Unknown command.
Why would you want to do that?
The centaur warrior shoots an arrow.
The arrow hits you. The arrow burns you.
* * * LOW HITPOINT WARNING * * *
The air gets thick with the scent of sulphur.
The volcano roars to life, belching forth lava!
You are engulfed in blazing flames.
You are engulfed in blazing flames.
* * * LOW HITPOINT WARNING * * *
You are engulfed in blazing flames.
* * * LOW HITPOINT WARNING * * *
You are engulfed in blazing flames.
You die...

#### ##### ###### #
##○°####☼°°###.°○.#
#####.☼○○##○°○°○###°°.######
......○☼°○°○°○°°○○°○○°.....##
......○☼°°○°○○○°°°°○.°......##
......°°°°○.○○°°@°○°°°.......###
......°.....○°○°○°°°§..........##
≈≈≈≈§≈≈○°°○○§§§○○○°§§≈≈..........
≈≈≈≈§§≈○§°°§≈§§§○°°☼≈≈≈≈§§.......
≈§≈§§§§○○°≈≈§§≈§°°°°°≈≈≈≈≈§≈≈....
§§§§≈§≈≈§§§≈§≈§§○○○°°≈≈≈≈§§≈≈§≈.≈
§§§≈≈≈≈≈≈§§≈≈§§§≈§≈○○≈§≈≈≈≈≈≈≈≈≈.
§§§≈§≈≈≈≈§§§§§§§§≈°≈°§§≈≈≈≈≈§≈§≈≈
≈≈≈§§§§≈§≈≈≈§≈§≈≈≈§≈§≈≈≈§≈≈≈≈≈≈≈≈


There were no monsters in sight!

Vanquished Creatures
  3 death yaks (D:9)
  Pikel (D:4)
  2 black mambas
  3 komodo dragons
  Maggie (D:9)
  2 cane toads (Lair:1)
  A polar bear (Lair:2)
  Prince Ribbit (D:5)
  4 blink frogs (Lair:2)
  3 wyverns
  4 yaks (D:9)
  2 fire bats (Volcano)
  Grum (Lair:1)
  Menkaure (D:4)
  A steam dragon (D:8)
  3 water moccasins
  Edmund (D:4)
  3 orc warriors
  A black bear (D:6)
  A sky beast (D:5)
  A hornet zombie (D:7)
  2 ice beasts
  13 wolves
  3 ogres
  3 centaurs
  3 phantoms
  A wyvern zombie (D:7)
  8 bullfrogs
  3 scorpions
  4 water moccasin skeletons
  6 killer bees
  21 wights
  2 howler monkeys
  4 centaur zombies
  6 lava snakes (Volcano)
  Crazy Yiuf (D:6)
  A bullfrog zombie (D:5)
  A hound (D:6)
  8 orc priests
  4 centaur skeletons
  A bullfrog skeleton (D:5)
  3 iguanas (D:6)
  3 scorpion zombies
  Ijyb (D:4)
  3 orc wizards (D:6)
  A killer bee zombie (D:8)
  8 hound zombies
  2 hound skeletons (D:4)
  A howler monkey zombie (D:8)
  A gnoll (D:1)
  6 adders
  An ufetubus (D:5)
  2 adder zombies (D:4)
  An adder skeleton (D:4)
  A worm (D:3)
  35 orcs
  12 ball pythons
  3 endoplasms
  A giant cockroach (D:4)
  5 goblins
  5 hobgoblins
  11 jackals
  2 kobolds
  8 bats
  3 frilled lizards
  A quokka skeleton (D:4)
  A quokka zombie (D:4)
  3 rats (D:1)
259 creatures vanquished.

Vanquished Creatures (others)
  6 fungi
  7 plants
  3 withered plants (D:4)
16 creatures vanquished.

Grand Total: 275 creatures vanquished

Notes
Turn   | Place    | Note
-------+----------+-------------------------------------------
     0 | D:1      | ZeuX the Spriggan Warper began the quest for the Orb.
     0 | D:1      | Reached XP level 1. HP: 10/10 MP: 5/5
   386 | D:1      | Reached skill level 5 in Translocations
   386 | D:1      | Reached XP level 2. HP: 13/14 MP: 6/6
   512 | D:1      | Found a faded altar of an unknown god.
   542 | D:1      | Reached skill level 1 in Short Blades
  1211 | D:2      | Reached XP level 3. HP: 17/18 MP: 8/8
  1485 | D:2      | Learned a level 2 spell: Blink
  1813 | D:2      | Reached skill level 1 in Stealth
  2091 | D:3      | Reached XP level 4. HP: 22/22 MP: 9/9
  2297 | D:3      | Reached skill level 1 in Transmutations
  2326 | D:3      | Found a sacrificial altar of Ru.
  2346 | D:3      | Reached skill level 1 in Slings
  2346 | D:3      | Reached skill level 2 in Stealth
  2363 | D:3      | Reached skill level 1 in Evocations
  3085 | D:3      | Found a snail-covered altar of Cheibriados.
  3214 | D:4      | Noticed a scorpion
  3411 | D:3      | Killed a scorpion
  3412 | D:3      | Reached skill level 3 in Stealth
  3412 | D:3      | Reached skill level 1 in Hexes
  3412 | D:3      | Reached XP level 5. HP: 25/26 MP: 10/10
  3521 | D:3      | Learned a level 3 spell: Gell's Gravitas
  3983 | D:4      | Reached XP level 6. HP: 28/30 MP: 3/11
  4992 | D:4      | Noticed Ijyb
  5066 | D:4      | Reached skill level 4 in Stealth
  5328 | D:4      | Noticed Pikel
  5384 | D:4      | Reached skill level 5 in Dodging
  5464 | D:4      | Reached XP level 7. HP: 30/34 MP: 12/12
  5504 | D:4      | Found a shimmering altar of Xom.
  5508 | D:4      | Noticed Menkaure
  6764 | D:5      | Entered Level 5 of the Dungeon
  6857 | D:5      | Reached skill level 1 in Polearms
  7152 | D:5      | Noticed Prince Ribbit
  7262 | D:5      | Killed Prince Ribbit
  7855 | D:5      | Identified the +10 hand axe of Enwuekhli {vorpal, MP-9
                  | Str+4 Int+2 Dex+6 SInv}
  7879 | D:5      | Reached XP level 8. HP: 39/39 MP: 4/13
  7925 | D:5      | Reached skill level 5 in Stealth
  8275 | D:5      | Identified the +1 whip "Teuluamo" {vorpal, Dex+4 SInv}
  8593 | D:4      | Noticed Edmund
  8841 | D:4      | Killed Edmund
  9055 | D:4      | Killed Menkaure
  9114 | D:4      | Killed Ijyb
  9231 | D:4      | Killed Pikel
  9232 | D:4      | Reached skill level 6 in Stealth
  9232 | D:4      | Reached XP level 9. HP: 30/43 MP: 5/14
  9744 | D:6      | Reached skill level 5 in Evocations
  9857 | D:6      | Found an iron altar of Okawaru.
  9901 | D:6      | Found a glowing golden altar of the Shining One.
  9958 | D:6      | Reached skill level 5 in Short Blades
 10097 | D:6      | Reached skill level 7 in Stealth
 10647 | D:6      | Found a staircase to the Ecumenical Temple.
 10657 | Temple   | Entered the Ecumenical Temple
 11142 | D:6      | Found a runed translucent door.
 11143 | D:6      | Noticed Crazy Yiuf
 11151 | D:6      | Killed Crazy Yiuf
 11268 | D:7      | Reached skill level 8 in Stealth
 11275 | D:7      | Reached skill level 5 in Hexes
 11541 | D:7      | Found a sparkling altar of Nemelex Xobeh.
 11541 | D:7      | Found a basalt altar of Yredelemnul.
 11544 | D:7      | Found a broken altar of Ashenzari.
 11551 | D:7      | Became a worshipper of Ashenzari the Shackled
 11600 | D:7      | Found a hide-covered altar of Uskayaw.
 11631 | D:7      | Reached skill level 5 in Transmutations
 11963 | D:7      | Noticed a komodo dragon
 12252 | D:7      | Killed a komodo dragon
 12253 | D:7      | Reached XP level 10. HP: 23/49 MP: 6/15
 12788 | D:8      | Reached skill level 5 in Slings
 14119 | D:9      | Found a white marble altar of Elyvilon.
 14135 | D:9      | Found a stormy altar of Qazlal.
 14452 | D:9      | Reached skill level 9 in Stealth
 14489 | D:9      | Noticed a death yak
 14550 | D:9      | Killed a death yak
 14562 | D:9      | Noticed a death yak
 14563 | D:9      | Noticed Maggie
 14566 | D:9      | Noticed a death yak
 14635 | D:9      | Killed Maggie
 14652 | D:9      | Found a staircase to the Lair.
 14729 | D:9      | Killed a death yak
 14730 | D:9      | Reached XP level 11. HP: 54/54 MP: 8/17
 14800 | D:9      | Killed a death yak
 15044 | D:9      | Reached * piety under Ashenzari
 15291 | Lair:1   | Entered Level 1 of the Lair of Beasts
 15356 | Lair:1   | Noticed a five-headed hydra
 15401 | Lair:1   | Noticed Grum
 15419 | Lair:1   | Killed Grum
 15887 | D:9      | Reached skill level 10 in Stealth
 15996 | Lair:1   | Reached ** piety under Ashenzari
 16688 | Lair:2   | Reached skill level 5 in Axes
 16866 | Lair:2   | Reached skill level 1 in Poison Magic
 17069 | Lair:2   | Found a runed translucent door.
 17072 | Lair:2   | Noticed Mokotyal's ghost (journeyman VSAE)
 17284 | Lair:2   | Noticed Urug
 17379 | Lair:2   | Found a hole to the Spider Nest.
 17379 | Lair:2   | Noticed a wolf spider
 17405 | Lair:2   | Identified the +0 helmet of Disguise {Fly rCorr Stlth+}
 17430 | Lair:2   | Found a dark tunnel.
 17439 | Volcano  | Entered a volcano
 17841 | Volcano  | Found a burning altar of Makhleb.
 17841 | Volcano  | Noticed a centaur warrior
 17909 | Volcano  | HP: 1/56 [something (12)]
 17910 | Volcano  | Engulfed by a cloud of flame

Illustrated notes

Levels and vault maps discovered:
D:1:      grunt_arrival_lava_bath, layout_basic,
          hellmonk_ecumenical_altar_run_dry
D:2:      layout_basic, fountainhead
D:3:      layout_loops_ring, lemuel_tele_altar, nicolae_ru_awakened_eye
D:4:      minmay_recursive_quarters, layout_cave_pools,
          mainiacjoe_overflow_small_starburst, serial_undead, serial_undead_d,
          serial_undead_a, serial_undead_c, serial_undead_f, serial_undead_f,
          serial_undead_c, serial_undead_c, serial_undead_c, serial_undead_d,
          serial_undead_b, hangedman_decor_peaks_small, uniq_edmund, uniq_ijyb,
          uniq_pikel, uniq_menkaure
D:5:      layout_loops_corners, uniq_prince_ribbit1
D:6:      layout_rooms, okawaru_ov_weapons_minmay,
          nicolae_tso_swordbearing_angel, minmay_temple_entry_glassed_door,
          kennysheep_another_room, uniq_crazy_yiuf_cottage
D:7:      layout_gridville, nicolae_uskayaw_dance_hall, minitemple
D:8:      layout_loops_ring
D:9:      layout_gridville, mainiacjoe_overflow_catch_the_wave,
          dpeg_lair_monsters, uniq_maggie
Temple:   minmay_temple_curvy_loop
Lair:1:   layout_small_grid, uniq_grum
Lair:2:   layout_cave_pods, spider_nest_entry_rubble,
          lightli_volcano_entry_magma_tube, ebering_ghost_reflecting_pool,
          uniq_urug
Volcano:  volcano_lake [vl_original]

Skill      XL: |  1  2  3  4  5  6  7  8  9 10 11 |
---------------+----------------------------------+-----
Translocations | 5 6 |  6.3
Short Blades   | 1 2 3 4 5 6 |  6.8
Stealth        | 1 3 4 6 8 9 10 | 10.5
Transmutations | 1 2 3 4 5 6 7 |  7.2
Slings         | 1 2 4 5 6 |  6.2
Dodging        | 4 5 6 7 8 |  8.2
Evocations     | 1 2 3 4 5 6 7 |  7.6
Hexes          | 1 2 4 5 6 7 |  7.4
Spellcasting   | 3 |  3.8
Polearms       | 1 2 |  2.6
Fighting       | 2 3 4 |  4.4
Throwing       | 2 3 4 |  4.0
Axes           | 4 5 |  5.5
Poison Magic   | 1 |  1.3

Action                   |  1- 3 |  4- 6 |  7- 9 | 10-12 || total
-------------------------+-------+-------+-------+-------++-------
Melee: Hand axe          |    88 |       |   233 |   366 ||   687
       Spear             |    13 |   206 |   110 |       ||   329
 Fire: Hunting sling     |       |       |    10 |       ||    10
Throw: Dart              |       |     4 |    40 |    52 ||    96
 Cast: Gell's Gravitas   |       |    28 |     5 |    10 ||    43
       Blink             |       |     1 |       |       ||     1
Invok: Curse Item        |       |       |       |     3 ||     3
  Use: Scroll            |       |     1 |     8 |       ||     9
       Potion            |       |       |       |     4 ||     4
 Stab: Sleeping          |     2 |     5 |     9 |    13 ||    29
       Distracted        |       |       |     1 |     2 ||     3
Armor: Robe              |    14 |    40 |    25 |    41 ||   120
Dodge: Dodged            |   101 |   268 |   320 |   478 ||  1167

Table legend: (Time is in decaauts)
 A = Elapsed time spent in this place.
 B = Non-inter-level travel time spent in this place.
 C = Inter-level travel time spent in this place.
 D = Time resting spent in this place.
 E = Time spent auto-exploring this place.
 F = Levels seen in this place.
 G = Mean time per level.
                   A        B        C        D        E       F      G
               +--------+--------+--------+--------+--------+-----+--------+
         Total |  14303 |  14005 |    298 |   5619 |   4833 |  13 | 1100.2 |
       Dungeon |  12412 |  12241 |    171 |   5452 |   3986 |   9 | 1379.1 |
        Temple |    195 |    125 |     70 |      0 |    118 |   1 |  195.0 |
          Lair |   1401 |   1345 |     56 |    167 |    703 |   2 |  700.5 |
       Volcano |    295 |    295 |      0 |      0 |     24 |   1 |  295.0 |
               +--------+--------+--------+--------+--------+-----+--------+

Top non-repeatable levels by time:
     D:3: 3072 daAuts
     D:4: 1856 daAuts
     D:5: 1662 daAuts
     D:7: 1335 daAuts
     D:6: 1217 daAuts
     D:1: 896 daAuts
     D:9: 868 daAuts
  Lair:1: 799 daAuts
     D:2: 783 daAuts
     D:8: 720 daAuts
  Lair:2: 601 daAuts
 Volcano: 295 daAuts
  Temple: 195 daAuts
